 Dungeon Crawl Stone Soup version 0.17-a0-1840-g87820a2 (webtiles) character file.

226 achirane the Cudgeler (level 6, -6/35 HPs)
             Began as a Gargoyle Warper on Sept 16, 2015.
             Was an Initiate of Qazlal.
             Mangled by an iguana (9 damage)
             ... on level 4 of the Dungeon.
             The game lasted 00:15:46 (3477 turns).

achirane the Cudgeler (Gargoyle Warper)             Turns: 3477, Time: 00:15:46

Health: -6/35      AC: 10    Str: 14    XL:     6   Next: 1%
Magic:  9/9        EV:  7    Int: 14    God:    Qazlal [......]
Gold:   87         SH: 11    Dex: 11    Spells: 1 memorised, 8 levels left

rFire  + . .     SeeInvis .     a - +0 mace
rCold  . . .     Clarity  .     v - +0 scale mail {rF+}
rNeg   + . .     SustAt   .     p - +2 shield
rPois  ∞         Gourm    .     (no helmet)
rElec  +         Spirit   .     (no cloak)
rCorr  .         Warding  .     (no gloves)
rMut   .         Stasis   .     (no boots)
MR     .....                    (no amulet)
Stlth  ..........               (no ring)
                                (no ring)

@: not resistant to hostile enchantments, extremely unstealthy
A: negative energy resistance 1, electricity resistance, unbreathing,
petrification resistance, rot immunity, AC +4
a: Renounce Religion


You were on level 4 of the Dungeon.
You worshipped Qazlal.
Qazlal was noncommittal.
You were not hungry.

You visited 1 branch of the dungeon, and saw 4 of its levels.

You collected 87 gold pieces.

Inventory:

Hand weapons
 a - a +0 mace (weapon)
 B - a +0 hunting sling
Missiles
 e - 4 tomahawks of dispersal (quivered)
 m - 11 sling bullets of frost
 o - 8 needles of slowing
 y - 11 poisoned needles
Armour
 b - a +0 leather armour
 p - a +2 shield (worn)
 v - a +0 scale mail of fire resistance (worn)
Jewellery
 r - an uncursed ring of fire
Scrolls
 d - 2 scrolls of blinking
 g - 5 scrolls of remove curse {unknown}
 i - 6 scrolls of identify {unknown}
 j - 3 scrolls of teleportation {unknown}
 l - a scroll of fear {unknown}
 q - a scroll of enchant weapon {unknown}
 t - a scroll of recharging {unknown}
 u - a scroll of enchant armour {unknown}
 w - a scroll of magic mapping {unknown}
Potions
 h - a potion of lignification {unknown}
 k - 2 potions of curing {unknown}
 z - a potion of cancellation {unknown}
 C - a potion of flight {unknown}
Books
 c - a book of Spatial Translocations

   Spells                             Type                      Level
   a - Apportation                    Translocation                1
   b - Blink                          Translocation                2
   c - Shroud of Golubria             Charms/Translocation         2
   d - Portal Projectile              Translocation                3
   e - Teleport Other                 Translocation                3
   f - Passage of Golubria            Translocation                4
Comestibles
 f - 2 bread rations
 n - a beef jerky
 s - a royal jelly
 x - 9 chunks of flesh


   Skills:
 - Level 2.1 Fighting
 + Level 4.5 Maces & Flails
 - Level 1.0 Throwing
 - Level 1.1 Armour
 - Level 1.5 Dodging
 + Level 4.0 Shields
 - Level 2.0 Spellcasting
 - Level 2.6 Translocations


You had 8 spell levels left.
You knew the following spells:

 Your Spells              Type           Power        Failure   Level  Hunger
a - Apportation           Tloc           #.........   98%         1    ##.....


Dungeon Overview and Level Annotations

Branches:
Dungeon (4/15)
 Temple: D:4-7

Altars:
Dithmenos
Kikubaaqudgha
Qazlal
Yredelemnul

Annotations:
D:2 exclusion: 2 doors
D:4 Robin


Innate Abilities, Weirdness & Mutations

You are resistant to torment.
Your stone body is resilient (AC +4).
You are immune to poison.
You resist negative energy.
You are resistant to electric shocks.
You can survive without breathing.
You are immune to petrification.
You are immune to rotting.


Message History

The iguana bites you but does no damage.
You completely miss the iguana.
The iguana is heavily wounded.
You block the iguana's attack.
You hit the iguana.
The iguana is severely wounded.
The iguana barely misses you.
You hit the iguana but do no damage.
The iguana is severely wounded.
The iguana bites you but does no damage.
You hit the iguana.
The iguana is almost dead.
The iguana bites you but does no damage.
The iguana bites you!
* * * LOW HITPOINT WARNING * * *
You are too injured to fight recklessly!
You closely miss the iguana.
The iguana is almost dead.
The iguana bites you!
You die...

#...#..#...(..#..+
#...#..+....(.#..#
#...#..#......#..#
#...#..#......#..#
#...#..#......'..#
#...#..#.....÷#..##+
#...#..#......#.....
#.#...#..#......#..##'
#....@# #......#..#..
#$...l...#......##+#..
#..P.P...#......#.....
#..._....#......#...#'
#..P.P...#......#...+<
#.........# +...#.
....#......# #...#.
#...#...#..# #...#.
#...+.


You could see an iguana.

Vanquished Creatures
  A hound (D:4)
  An orc wizard (D:3)
  Terence (D:3)
  A worker ant (D:4)
  3 gnolls
  An adder (D:2)
  A giant gecko (D:3)
  5 orcs
  10 bats
  2 giant cockroaches (D:2)
  9 hobgoblins
  6 jackals
  2 ball pythons
  2 giant newts
  11 goblins
  8 kobolds
  8 rats
72 creatures vanquished.

Notes
Turn   | Place    | Note
--------------------------------------------------------------
     0 | D:1      | achirane the Gargoyle Warper began the quest for the Orb.
     0 | D:1      | Reached XP level 1. HP: 12/12 MP: 3/3
   140 | D:1      | Reached XP level 2. HP: 8/17 MP: 5/5
   496 | D:1      | Reached skill level 3 in Maces & Flails
  1358 | D:2      | Reached XP level 3. HP: 21/21 MP: 6/6
  1495 | D:2      | Reached skill level 1 in Shields
  2212 | D:3      | Reached XP level 4. HP: 26/26 MP: 7/7
  2845 | D:3      | Found an ancient bone altar of Kikubaaqudgha.
  2853 | D:3      | Found a shadowy altar of Dithmenos.
  2909 | D:3      | Reached skill level 4 in Maces & Flails
  2909 | D:3      | Reached XP level 5. HP: 26/30 MP: 8/8
  2949 | D:3      | Found a stormy altar of Qazlal.
  2956 | D:3      | Became a worshipper of Qazlal Stormbringer
  3177 | D:3      | Noticed Terence
  3204 | D:3      | Killed Terence
  3280 | D:4      | Noticed Robin
  3390 | D:4      | Reached XP level 6. HP: 35/35 MP: 9/9
  3398 | D:4      | Noticed a phantom
  3460 | D:4      | Found a basalt altar of Yredelemnul.
  3477 | D:4      | Mangled by an iguana

Vault maps used:
D:1:      dpeg_arrival_shrine
D:2:      serial_bayou_pond_a
D:3:      nicolae_qazlal_eye_of_the_storm, nicolae_dithmenos_shadow_blocks,
          nicolae_overflow_hidden_temple, first_bread, uniq_terence
D:4:      yredelemnul_altar_generic, kennysheep_little_box, uniq_robin

Action                   |  1- 3 |  4- 6 || total
-------------------------+-------+-------++-------
Melee: Mace              |   209 |   124 ||   333
 Fire: Hunting sling     |       |     2 ||     2
Throw: Tomahawk          |       |     6 ||     6
  Eat: Chunk             |     5 |     4 ||     9
